 Dungeon Crawl Stone Soup version 0.21.0-25-ge575cb9ce8 (webtiles) character file.

75882 DildoBatman the Bewitcher (level 16, 0/117 (118) HPs)
             Began as a Formicid Enchanter on Jan 26, 2018.
             Was a High Priest of Sif Muna.
             Killed from afar by a fire giant (5 damage)
             ... with a bolt of fire
             ... on level 15 of the Dungeon.
             The game lasted 03:13:29 (28372 turns).

DildoBatman the Bewitcher (Formicid Enchanter)     Turns: 28372, Time: 03:13:29

HP:   0/117 (118)   AC: 22    Str: 18    XL:     16   Next: 0%
MP:   18/28         EV: 10    Int: 17    God:    Sif Muna [*****.]
Gold: 2098          SH: 12    Dex: 17    Spells: 9/32 levels left

rFire    + + +     SeeInvis +   a - +6 hand axe (elec)
rCold    + + .     Gourm    +   C - +0 shield
rNeg     + + +     Faith    .   p - +7 chain mail of Disguise {*Slow rPois rF+ rN++}
rPois    +         Spirit   .   (helmet unavailable)
rElec    .         Reflect  .   (no cloak)
rCorr    .         Harm     .   V - +2 pair of gloves
MR       +....                  l - +0 pair of boots
Stlth    ..........             h - amulet of the gourmand
HPRegen  0.29/turn              W - ring "Baaf" {rF+ rC+++}
MPRegen  0.21/turn              J - ring of Xaczit {Fire rN++ Dex+6 Stlth-}

@: very slightly contaminated, invisible
A: permanent stasis, dig shafts and tunnels, four strong arms, antennae 3
a: Dig, Shaft Self, Divine Energy, Channel Magic, Forget Spell, Renounce
Religion


You were on level 15 of the Dungeon.
You worshipped Sif Muna.
Sif Muna was extremely pleased with you.
You were very full.

You visited 3 branches of the dungeon, and saw 22 of its levels.
You also visited: Labyrinth, Sewer, Bailey and Ice Cave.

You collected 2098 gold pieces.

Inventory:

Hand Weapons
 a - a +6 hand axe of electrocution (weapon)
 b - a +4 halberd of venom
 c - a +1 scimitar of flaming
 d - a +5 scimitar of freezing
 e - a +2 demon trident of electrocution
Armour
 l - a +0 pair of boots (worn)
 o - a +0 troll leather armour
 p - the +7 chain mail of Disguise (worn) {*Slow rPois rF+ rN++}
   (You found it on level 5 of the Dungeon)

   It protects you from fire.
   It protects you from poison.
   It greatly protects you from negative energy.
   It may slow you when you take damage.
 r - a +0 large shield
 C - a +0 shield (worn)
 D - +0 acid dragon scales
 V - a +2 pair of gloves (worn)
Jewellery
 h - an amulet of the gourmand (around neck)
 w - a +3 ring of slaying
 B - an uncursed ring of flight
 J - the ring of Xaczit (right hand) {Fire rN++ Dex+6 Stlth-}
   (You found it on level 5 of the Dungeon)

   [ring of fire]

   It enhances your fire magic.
   It affects your dexterity (+6).
   It protects you from fire.
   It makes you vulnerable to cold.
   It greatly protects you from negative energy.
   It makes you less stealthy.
 K - a +4 ring of intelligence
 M - a +3 ring of evasion
 O - a +6 ring of protection
 T - a +3 ring of evasion
 W - the ring "Baaf" (left hand) {rF+ rC+++}
   (You found it in a labyrinth)

   [ring of protection from fire]

   It protects you from fire.
   It renders you almost immune to cold.
Wands
 m - a wand of scattershot (6)
Scrolls
 g - a scroll of amnesia
 i - 2 scrolls of enchant weapon
 t - 4 scrolls of magic mapping
 x - 4 scrolls of remove curse
 z - 17 scrolls of identify
Potions
 j - a potion of mutation {unknown}
 k - 13 potions of curing
 q - 6 potions of heal wounds
Miscellaneous
 f - a lamp of fire
 A - a lightning rod (4/4)
Comestibles
 n - 12 chunks of flesh
 v - 47 rations


   Skills:
 * Level 8.5 Fighting
   Level 1.0 Short Blades
 - Level 7.0 Armour
 * Level 5.6 Dodging
 * Level 7.9 Stealth
 * Level 9.8 Shields
 * Level 8.5 Spellcasting
 - Level 19.0 Hexes
 * Level 8.4 Charms
 * Level 6.6 Necromancy
 * Level 5.5 Air Magic
 * Level 2.8 Evocations


You had 9 spell levels left.
You knew the following spells:

 Your Spells              Type           Power        Failure   Level  Hunger
a - Slow                  Hex            ######..     1%          2    None
b - Confuse               Hex            ######..     1%          3    #......
c - Spectral Weapon       Hex/Chrm       ######..     1%          3    #......
d - Regeneration          Chrm/Necr      ####......   14%         3    #......
g - Corona                Hex            ######.      1%          1    None
i - Invisibility          Hex            ######..     6%          6    ######.
j - Silence               Hex/Air        #####.....   19%         5    #####..


Dungeon Overview and Level Annotations

Branches:
Dungeon (15/15)            Temple (1/1) D:5            Lair (6/6) D:10
  Swamp (0/4) Lair:2       Spider (0/4) Lair:4        Slime (0/5) Lair:6
    Orc (0/2) D:12         Vaults (0/5) D:13         Depths (0/5) D:15

Altars:
Ashenzari
Cheibriados
Dithmenos
Elyvilon
Fedhas
Gozag
Hepliaklqana
Kikubaaqudgha
Makhleb
Nemelex Xobeh
Okawaru
Qazlal
Ru
Sif Muna
Trog
Uskayaw
Vehumet
Wu Jian
Xom
Yredelemnul
Zin
The Shining One
Jiyva

Shops:
D:7 *   D:9 }   D:10 (   D:12 (

Annotations:
Lair:5 hofbold's ghost, journeyman GrMo
Lair:6 exclusion: dire elephant


Innate Abilities, Weirdness & Mutations

You cannot be hasted, slowed, berserked, paralysed or teleported.
You can dig through walls and to a lower floor.
Your four strong arms can wield two-handed weapons with a shield.
You have a pair of large antennae on your head. (SInv)


Message History

Something hits your spectral weapon.
Your spectral weapon shares its damage with you!
Something hits your spectral weapon.
Your spectral weapon shares its damage with you!
The centaur hits your spectral weapon.
Something closely misses your spectral weapon.
The fire giant casts a spell at you.
The fireball explodes!
The fireball engulfs you! You resist.
The fireball engulfs your spectral weapon.
Your spectral weapon resists.
Your spectral weapon shares its damage with you!
You extend your mandibles.
You dig through the rock wall.
The fire giant casts a spell at you.
The bolt of fire misses the centaur.
The bolt of fire hits you! You resist.
You die...

#. #..((###(.###....
#.###.#)..(......#.. #.#
#.#..........#..
###.###C..###..###....
#.....c..## #..# ##...
#....##.## ##..## #..
#####.......####....## ..
........(#c..##..##..##..#
######.#@.............. ##
#.############.#..# #....#
#.# ...## ##..#.# ##'##
.### ##...#.# ##...## .#
.....#.# ##.....##
.......# ##.......##
#....####.........#
#.......'.........+


You could see a fire giant, a centaur and a friendly spectral hand axe of
electrocution.

Vanquished Creatures
  Louise (D:14)
  The ghost of Stone the Impaler, a journeyman MfGl of the Shining One (D:14)
  A dire elephant (Lair:6)
  A minotaur (Lab)
  Erica (Lair:1)
  Fannar (D:10)
  A vault guard (D:13)
  6 hydras
  Harold (Lair:3)
  3 centaur warriors
  A death knight (D:10)
  An anaconda (Lair:6)
  9 two-headed ogres
  A tengu warrior (D:13)
  The ghost of gothmog the Carver, a novice MiFi of Okawaru (D:8)
  7 skeletal warriors
  A fire crab (shapeshifter) (D:13)
  2 unseen horrors
  An orb spider (Lair:4)
  4 orc knights (Bailey)
  14 ugly things
  2 manticores (D:13)
  A cyclops (D:14)
  5 black mambas
  Joseph (D:10)
  4 elephants (Lair:6)
  3 ice statues (IceCv)
  6 spiny frogs
  Psyche (D:11)
  A spiny frog (shapeshifter) (D:13)
  8 gargoyles
  A kobold demonologist (D:8)
  4 komodo dragons
  2 rime drakes (Lair:6)
  3 yaktaurs (D:15)
  2 tengu conjurers (D:15)
  A polar bear (D:13)
  7 trolls
  A hornet (D:9)
  A minotaur skeleton (Lab)
  6 hippogriffs
  3 slime creatures
  7 blink frogs (Lair:4)
  A redback (Lab)
  2 shadows (Lab)
  2 wraiths
  2 centaur simulacra
  23 yaks
  A human (D:12)
  2 vampires
  Grum (D:7)
  7 basilisks
  2 hungry ghosts
  Menkaure (D:5)
  2 wargs (D:12)
  A soldier ant (D:12)
  An acid dragon (D:13)
  Duvessa (D:7)
  16 water moccasins
  9 porcupines
  11 orc warriors
  8 ice beasts
  4 sky beasts
  6 black bears
  An eye of draining (D:8)
  A necrophage (D:10)
  8 centaurs
  7 ogres
  2 phantoms
  55 wolves
  10 crocodiles
  6 big kobolds
  21 bullfrogs
  2 earth elementals (Lab)
  A wyvern zombie (D:15)
  2 scorpions
  A wyvern skeleton (D:8)
  Dowan (D:7)
  20 killer bees
  18 wights
  4 lava snakes (Lab)
  3 crimson imps
  2 bullfrog zombies
  9 hounds
  2 jellies
  3 quasits
  2 centaur zombies
  3 bullfrog skeletons
  2 centaur skeletons
  A gnoll shaman (D:5)
  10 orc priests
  3 iguanas
  10 worker ants
  Terence (D:1)
  9 orc wizards
  An ogre skeleton (Lab)
  2 hound skeletons (D:5)
  7 gnolls
  2 howler monkey skeletons
  14 adders
  2 river rats (Sewer)
  5 shadow imps
  3 white imps (D:13)
  An ufetubus (D:13)
  2 oozes
  4 adder zombies
  A dart slug (D:4)
  11 leopard geckos
  48 orcs
  9 bats
  9 giant cockroaches
  6 goblins
  7 hobgoblins
  18 jackals
  27 kobolds
  4 quokkas
  8 ball pythons
  5 frilled lizards
  A jackal skeleton (D:5)
  A jackal zombie (D:4)
  2 leopard gecko skeletons (D:5)
  2 quokka skeletons
  29 rats
  8 bushes (Lair:6)
  A butterfly (Lair:5)
  53 fungi
  63 plants
  2 spectral weapons (D:13)
810 creatures vanquished.

Vanquished Creatures (collateral kills)
  A spectral weapon (D:14)
1 creature vanquished.

Vanquished Creatures (others)
  A yaktaur (D:15)
  A centaur (D:15)
  16 fungi
  5 plants
  16 spectral weapons
39 creatures vanquished.

Grand Total: 850 creatures vanquished

Notes
Turn   | Place    | Note
-------+----------+-------------------------------------------
     0 | D:1      | DildoBatman the Formicid Enchanter began the quest for the Orb.
     0 | D:1      | Reached XP level 1. HP: 13/13 MP: 3/3
    85 | D:1      | Reached skill level 1 in Fighting
   111 | D:1      | Reached XP level 2. HP: 21/21 MP: 0/5
   367 | D:1      | Reached XP level 3. HP: 17/28 MP: 3/6
   378 | D:1      | Learned a level 3 spell: Confuse
   640 | D:2      | Noticed Terence
  1158 | D:2      | Reached XP level 4. HP: 24/35 MP: 2/7
  1467 | D:2      | Reached skill level 1 in Armour
  1684 | D:3      | Reached skill level 4 in Hexes
  2044 | D:3      | Found a stormy altar of Qazlal.
  2237 | D:3      | Reached XP level 5. HP: 41/41 MP: 8/8
  2464 | D:4      | Noticed an ogre
  2512 | D:4      | Found a sacrificial altar of Ru.
  2512 | D:4      | Found a hide-covered altar of Uskayaw.
  2711 | D:4      | Found a glowing drain.
  2797 | Sewer    | Entered a sewer
  2969 | Sewer    | Noticed a big kobold
  2977 | Sewer    | Reached XP level 6. HP: 39/48 MP: 7/9
  3164 | Sewer    | Reached skill level 5 in Stealth
  3880 | Sewer    | Reached XP level 7. HP: 47/54 MP: 10/10
  4680 | D:5      | Entered Level 5 of the Dungeon
  4771 | D:5      | Found a transporter.
  4775 | D:5      | Got a distressingly furry chain mail
  4801 | D:5      | Identified the +7 chain mail of Disguise {*Slow rPois rF+ rN++} (You found it on level 5 of the Dungeon)
  4826 | D:5      | Noticed a wraith
  4827 | D:5      | Found a transporter.
  4827 | D:5      | Found a basalt altar of Yredelemnul.
  4831 | D:5      | Noticed Menkaure
  4837 | D:5      | Found an ancient bone altar of Kikubaaqudgha.
  5025 | D:5      | Reached XP level 8. HP: 40/61 MP: 6/11
  5050 | D:5      | Found a blossoming altar of Fedhas.
  5070 | D:5      | Found a staircase to the Ecumenical Temple.
  5075 | Temple   | Entered the Ecumenical Temple
  5161 | Temple   | Became a worshipper of Sif Muna the Loreminder
  5257 | D:5      | Found an ornate altar of the Wu Jian Council.
  5753 | D:6      | Found a shattered altar of Ashenzari.
  6028 | D:6      | Reached skill level 5 in Fighting
  6032 | D:6      | Found a shadowy altar of Dithmenos.
  6073 | D:6      | Reached * piety under Sif Muna
  6073 | D:6      | Reached skill level 5 in Hexes
  6113 | D:6      | Reached skill level 5 in Armour
  6318 | D:6      | Got a brightly glowing robe
  6578 | D:7      | Reached XP level 9. HP: 61/68 MP: 12/14
  6620 | D:7      | Found a flagged portal.
  6702 | D:7      | Found an iron altar of Okawaru.
  6951 | D:7      | Identified the cursed +0 robe of Circular Logic {Str+4} (You found it on level 6 of the Dungeon)
  6952 | D:7      | Noticed Duvessa
  6982 | D:7      | Noticed Dowan
  6995 | D:7      | Killed Dowan
  6995 | D:7      | Reached skill level 6 in Hexes
  7027 | D:7      | Killed Duvessa
  7038 | Bailey   | Entered a bailey
  7038 | Bailey   | Noticed an orc knight
  7054 | Bailey   | Noticed an orc knight
  7068 | Bailey   | Noticed an orc knight
  7094 | Bailey   | Killed an orc knight
  7193 | Bailey   | Reached ** piety under Sif Muna
  7193 | Bailey   | Reached skill level 5 in Spellcasting
  7326 | Bailey   | Reached skill level 7 in Hexes
  7547 | Bailey   | Killed an orc knight
  7547 | Bailey   | Reached skill level 9 in Hexes
  7547 | Bailey   | Reached XP level 10. HP: 77/77 MP: 5/17
  7647 | Bailey   | Killed an orc knight
  7647 | Bailey   | Reached skill level 10 in Hexes
  7784 | Bailey   | Noticed an orc knight
  7795 | Bailey   | Killed an orc knight
  7795 | Bailey   | Reached *** piety under Sif Muna
  7795 | Bailey   | Reached skill level 11 in Hexes
  7926 | D:7      | Found a glowing silver altar of Zin.
  7991 | D:7      | Found Xafamp's General Store.
  8268 | D:1      | Killed Terence
  8415 | D:5      | Killed Menkaure
  8427 | D:5      | Got a smoking great mace
  8442 | D:5      | Got a wavering platinum ring
  8457 | D:5      | Identified the cursed +1 great mace of a sewer {flame, rC+ SInv} (You found it on level 5 of the Dungeon)
  8463 | D:5      | Identified the ring of Xaczit {Fire rN++ Dex+6 Stlth-} (You found it on level 5 of the Dungeon)
  8476 | D:5      | Learned a level 2 spell: Slow
  8579 | D:8      | Reached skill level 12 in Hexes
  8694 | D:8      | Noticed gothmog's ghost (novice MiFi)
  8697 | D:8      | Noticed a two-headed ogre
  8755 | D:8      | Noticed Grum
  8896 | D:7      | Killed Grum
  8897 | D:7      | Reached XP level 11. HP: 79/83 MP: 13/18
  9035 | D:8      | Reached **** piety under Sif Muna
  9052 | D:8      | Killed a two-headed ogre
  9052 | D:8      | Reached skill level 13 in Hexes
  9073 | D:8      | Noticed a two-headed ogre
  9087 | D:8      | Killed a two-headed ogre
  9087 | D:8      | Reached skill level 14 in Hexes
  9130 | D:8      | Noticed a soul eater
  9934 | D:9      | Found Horeawn's Gadget Boutique.
 10060 | D:9      | Found a bloodstained altar of Trog.
 10179 | D:9      | Got a creamy pearl robe
 10567 | D:9      | Identified the cursed +1 robe "Kaulloaf" {*Corrode rC+ Str+5} (You found it on level 9 of the Dungeon)
 10951 | D:8      | Killed gothmog's ghost
 10951 | D:8      | Reached skill level 15 in Hexes
 11007 | D:10     | Entered Level 10 of the Dungeon
 11328 | D:10     | Noticed a two-headed ogre
 11347 | D:10     | Reached ***** piety under Sif Muna
 11348 | D:10     | Reached XP level 12. HP: 24/92 MP: 3/19
 11447 | D:10     | Noticed Fannar
 11524 | D:9      | Killed a two-headed ogre
 11695 | D:10     | Reached skill level 16 in Hexes
 11705 | D:10     | Found a staircase to the Lair.
 12155 | D:10     | Identified Sif Muna's Guide on Evil Transformation (Sif Muna gifted it to you on level 10 of the Dungeon)
 12155 | D:10     | Received a gift from Sif Muna
 12263 | D:10     | Found Fintuaho's Weapon Emporium.
 12277 | D:10     | Noticed a two-headed ogre
 12305 | D:10     | Killed a two-headed ogre
 12367 | D:10     | Noticed Joseph
 12378 | D:10     | Killed Joseph
 12892 | D:10     | Learned a level 3 spell: Regeneration
 12904 | D:11     | Noticed a death knight
 12904 | D:11     | Noticed a skeletal warrior
 12904 | D:11     | Noticed a skeletal warrior
 12927 | D:10     | Reached skill level 1 in Charms
 12927 | D:10     | Reached skill level 1 in Necromancy
 13060 | D:11     | Noticed a two-headed ogre
 13071 | D:11     | Killed a two-headed ogre
 13163 | D:11     | Noticed Psyche
 13174 | D:11     | Reached skill level 17 in Hexes
 13188 | D:11     | Killed Psyche
 13249 | D:11     | You fall through a shaft for 2 floors!
 13499 | D:13     | Found a frozen archway.
 13611 | D:13     | Noticed a tengu warrior
 13612 | D:13     | Noticed a centaur warrior
 13684 | IceCv    | Entered an ice cave
 14055 | IceCv    | Reached XP level 13. HP: 42/97 MP: 21/21
 14493 | D:13     | Killed a centaur warrior
 14658 | D:13     | Reached skill level 5 in Dodging
 14686 | D:13     | Noticed a five-headed hydra
 14910 | D:12     | Identified Sif Muna's Incunabulum of Creative Beguiling (Sif Muna gifted it to you on level 12 of the Dungeon)
 14910 | D:12     | Received a gift from Sif Muna
 15092 | D:12     | Reached skill level 5 in Charms
 15525 | D:12     | Found a staircase to the Orcish Mines.
 15596 | D:12     | Reached skill level 18 in Hexes
 15620 | D:12     | Found a shattered altar of Ashenzari.
 15886 | D:12     | Found Duup's Antique Weapon Emporium.
 16173 | D:11     | Found an iron altar of Okawaru.
 16371 | D:10     | Learned a level 6 spell: Invisibility
 16377 | D:10     | Learned a level 5 spell: Silence
 16695 | Lair:1   | Entered Level 1 of the Lair of Beasts
 17161 | Lair:1   | Noticed Erica
 17188 | Lair:1   | Killed Erica
 17556 | Lair:2   | Noticed a five-headed hydra
 17572 | Lair:2   | Killed a one-headed hydra
 17572 | Lair:2   | Reached skill level 1 in Air Magic
 17579 | Lair:2   | Noticed a six-headed hydra
 17857 | Lair:2   | Killed a one-headed hydra
 18199 | Lair:2   | Reached skill level 5 in Necromancy
 18224 | Lair:2   | Found a staircase to the Swamp.
 18684 | Lair:3   | Reached XP level 14. HP: 99/104 MP: 21/24
 18781 | Lair:3   | Identified Sif Muna's Primer on Thaumaturgy (Sif Muna gifted it to you on level 3 of the Lair of Beasts)
 18781 | Lair:3   | Received a gift from Sif Muna
 18806 | Lair:3   | Learned a level 3 spell: Spectral Weapon
 19042 | Lair:3   | Noticed Harold
 19065 | Lair:3   | Killed Harold
 19719 | Lair:4   | Found a hole to the Spider Nest.
 20248 | Lair:5   | Noticed hofbold's ghost (journeyman GrMo)
 20359 | Lair:5   | Found a labyrinth entrance.
 20387 | Lab      | Entered a labyrinth
 20826 | Lab      | Identified Tufre's Handbook of Orientation
 20838 | Lab      | Identified the Collected Works on Transformation and Evil Magic
 21016 | Lab      | Got a vibrating tin ring
 21021 | Lab      | Identified the ring "Baaf" {rF+ rC+++} (You found it in a labyrinth)
 21203 | Lab      | Found an exit through the horrors of the Abyss.
 21297 | Lab      | Found the +27 Lear's hauberk
 22547 | Lair:6   | Entered Level 6 of the Lair of Beasts
 22642 | Lair:6   | Reached skill level 1 in Shields
 22691 | Lair:6   | Received a gift from Sif Muna
 23152 | Lair:6   | Found a staircase to the Slime Pits.
 23152 | Lair:6   | Found a viscous altar of Jiyva.
 23410 | Lair:6   | Reached skill level 19 in Hexes
 23986 | Lair:6   | Reached skill level 5 in Air Magic
 23986 | Lair:6   | Reached XP level 15. HP: 99/109 MP: 19/27
 23995 | Lair:6   | Reached skill level 5 in Shields
 25753 | D:10     | Killed Fannar
 26211 | D:13     | Found a sparkling altar of Nemelex Xobeh.
 26265 | D:13     | Found a gate to the Vaults.
 26838 | D:14     | Reached skill level 1 in Evocations
 26919 | D:14     | Noticed Louise
 26952 | D:14     | Killed Louise
 27095 | D:14     | Found a snail-covered altar of Cheibriados.
 27828 | D:14     | Noticed Stone's ghost (journeyman MfGl)
 27856 | D:14     | Killed Stone's ghost
 28155 | D:15     | Entered Level 15 of the Dungeon
 28304 | D:15     | Found a staircase to the Depths.
 28305 | D:15     | Noticed a fire giant
 28363 | D:15     | Reached XP level 16. HP: 47/117 MP: 16/28
 28371 | D:15     | HP: 4/117 [fire giant/great sword of flaming (7)]
 28372 | D:15     | Killed from afar by a fire giant

Skill      XL: |  1  2  3  4  5  6  7  8  9 10 11 12 13 14 15 |
---------------+----------------------------------------------+-----
Fighting       | 1 2 3 4 5 6 8 |  8.5
Dodging        | 2 3 4 5 |  5.6
Armour         | 2 4 5 6 7 |  7.0
Stealth        | 4 5 6 7 |  7.9
Hexes          | 4 5 9 12 15 17 18 19 | 19.0
Spellcasting   | 3 5 6 8 |  8.5
Charms         | 3 6 8 |  8.4
Necromancy     | 3 5 6 |  6.6
Air Magic      | 1 5 |  5.5
Shields        | 4 9 |  9.8
Evocations     | 2 |  2.8
Short Blades   | |  1.0

Action                   |  1- 3 |  4- 6 |  7- 9 | 10-12 | 13-15 | 16-18 || total
-------------------------+-------+-------+-------+-------+-------+-------++-------
Melee: Dagger            |   116 |   401 |   460 |    10 |       |       ||   987
       Hand axe          |       |       |       |   844 |  1221 |       ||  2065
       Scimitar          |       |       |       |    45 |    38 |       ||    83
       Great mace        |       |       |       |    33 |    72 |       ||   105
       Halberd           |       |       |       |       |    50 |       ||    50
 Cast: Corona            |    31 |    80 |    33 |     7 |     1 |       ||   152
       Confuse           |     4 |     8 |    19 |    87 |   121 |       ||   239
       Slow              |       |       |       |    48 |   101 |       ||   149
       Regeneration      |       |       |       |       |    72 |       ||    72
       Invisibility      |       |       |       |       |    10 |       ||    10
       Spectral Weapon   |       |       |       |       |   119 |       ||   119
       Silence           |       |       |       |       |     1 |       ||     1
 Abil: Dig               |     1 |     3 |     9 |    16 |    47 |     1 ||    77
       Evoke Flight      |       |       |       |       |     1 |       ||     1
Evoke: Lamp of fire      |       |       |       |     1 |       |       ||     1
  Use: Scroll            |       |       |     9 |     4 |     9 |       ||    22
       Potion            |       |       |     4 |       |       |       ||     4
 Stab: Sleeping          |     1 |     5 |     2 |       |       |       ||     8
       Confused          |     1 |     1 |     1 |    48 |    45 |       ||    96
       Invisible         |       |       |       |       |    15 |       ||    15
       Distracted        |       |       |       |       |     7 |       ||     7
  Eat: Chunk             |     2 |    14 |    33 |    40 |    79 |       ||   168
Armor: Ring mail         |    35 |   147 |    35 |       |       |       ||   217
       Robe              |     1 |       |       |       |       |       ||     1
       Chain mail        |       |       |   236 |   352 |   747 |       ||  1335
       Troll leather arm |       |       |       |     1 |    29 |       ||    30
Dodge: Dodged            |    72 |   255 |   270 |   512 |   733 |       ||  1842
Block: Shield            |       |       |       |       |   122 |     1 ||   123
       Buckler           |       |       |       |       |    42 |       ||    42
       Rpst.: Scimitar   |       |       |       |     2 |     4 |       ||     6
